 Dungeon Crawl Stone Soup version 0.17.0-28-g6e173f8 (webtiles) character file.

29 R18 the Magician (level 3, 0/21 HPs)
             Began as a High Elf Wanderer on Nov 29, 2015.
             Succumbed to an adder's poison
             ... on level 3 of the Dungeon.
             The game lasted 00:06:21 (1358 turns).

R18 the Magician (High Elf Wanderer)                Turns: 1358, Time: 00:06:21

Health: 0/21       AC:  2    Str: 12    XL:     3   Next: 1%
Magic:  5/10       EV: 10    Int: 18    God:
Gold:   53         SH:  3    Dex: 12    Spells: 3 memorised, 5 levels left

rFire  . . .     SeeInvis .     l - +0 hand axe (chop)
rCold  . . .     Rnd*Rage +     d - +0 robe
rNeg   . . .     SustAt   .     c - +0 buckler
rPois  .         Gourm    .     (no helmet)
rElec  .         Spirit   .     (no cloak)
rCorr  .         Warding  .     (no gloves)
rMut   .         Stasis   .     (no boots)
MR     .....                    (no amulet)
Stlth  +.........               (no ring)
                                (no ring)

@: lethally poisoned (0 -> -9), very slightly contaminated, not resistant to
hostile enchantments, very unstealthy
A: berserk 1, high mp 1, spit poison 1
a: Spit Poison


You were on level 3 of the Dungeon.
You were not hungry.

You visited 1 branch of the dungeon, and saw 3 of its levels.

You collected 53 gold pieces.

Inventory:

Hand Weapons
 e - a +0 club
 l - a +0 hand axe of chopping (weapon)
Missiles
 j - a throwing net (quivered)
 k - 18 poisoned needles
Armour
 c - a +0 buckler (worn)
 d - a +0 robe (worn)
Scrolls
 h - a scroll of blinking {unknown}
 i - a scroll of enchant armour {unknown}
 m - a scroll of random uselessness {unknown}
 n - 2 scrolls of remove curse {unknown}
 o - a scroll of immolation {unknown}
Books
 a - a book of Callings

   Spells                             Type                      Level
   a - Summon Small Mammal            Summoning                    1
   b - Call Imp                       Summoning                    2
   c - Call Canine Familiar           Summoning                    3
   d - Summon Guardian Golem          Hexes/Summoning              3
   e - Summon Lightning Spire         Summoning/Air                4
   f - Summon Ice Beast               Ice/Summoning                4
 b - the Volume of Evil Arts

   Spells                             Type                      Level
   a - Pain                           Necromancy                   1
   b - Vampiric Draining              Necromancy                   3
Comestibles
 f - 2 bread rations


   Skills:
 - Level 1.0 Throwing
 - Level 1.0 Shields
 + Level 3.8 Spellcasting
   Level 1.2 Charms
 * Level 3.0 Summonings
   Level 2.1 Translocations


You had 5 spell levels left.
You knew the following spells:

 Your Spells              Type           Power        Failure   Level  Hunger
a - Pain                  Necr           #...         28%         1    None
b - Summon Small Mammal   Summ           ##..         10%         1    None
c - Call Imp              Summ           ##......     12%         2    ##.....


Dungeon Overview and Level Annotations

Branches:
Dungeon (3/15)

Altars:
Elyvilon

Annotations:
D:2 Sigmund


Innate Abilities, Weirdness & Mutations

You tend to lose your temper in combat.
You have an increased reservoir of magic (+10% MP).
You can spit weak poison.


Message History

You swap places.
The adder barely misses your white imp.
Your white imp misses the adder.
Unknown command.
* * * LOW HITPOINT WARNING * * *
You feel sick. The adder bites your white imp.
The adder closely misses your white imp.
Your white imp gestures at the adder.
The puff of frost hits the adder.
* * * LOW HITPOINT WARNING * * *
You feel sick.
The adder closely misses your white imp.
Your white imp gestures at the adder.
The puff of frost misses the adder.
Read which item? (? for menu, Esc to quit)
As you read the scroll labeled OXEFUE GATOLA, it crumbles to dust.
Forget which spell ([?*] list [ESC] exit)?
Forget which spell ([?*] list [ESC] exit)?
Okay, then.
It was a scroll of amnesia.
You die...

.##.......# #.. #.#.
..........# #.# #.#.#.#.
.##.......# #..#.#.#.#.#.#.
.##.......# #.#.#.#.#.#.#.#
##...###..# #..#.#.#.#.#.#S
≈≈...≈≈# ## #.#.#.#.#.#...#
≈..♣..≈#########..#.#.#.#...
........##.........#.#.#.P
.♣._.♣...#......@...#.#.#
†..................#.#.#
≈..♣..≈###.........5#.#.#
≈≈...≈≈# #.........#S#.#.#
##...### #..........#.#.♣♣
......####.#####.#.#.#.#♣
........##..# #..#.#.#♣
........##..# #.#.#.#.♣
............# ♣♣.#.#....


You could see an adder and a friendly white imp.

Vanquished Creatures
  A giant gecko (D:1)
  2 goblins
  5 hobgoblins
  6 bats
  2 giant newts
  A kobold (D:1)
  2 rats
19 creatures vanquished.

Vanquished Creatures (collateral kills)
  2 bats (D:3)
  A giant cockroach (D:1)
  3 goblins
  A hobgoblin (D:1)
  A giant newt (D:1)
  A rat (D:3)
9 creatures vanquished.

Grand Total: 28 creatures vanquished

Notes
Turn   | Place    | Note
--------------------------------------------------------------
     0 | D:1      | R18 the High Elf Wanderer began the quest for the Orb.
     0 | D:1      | R18 set off with: a book of Callings, the Volume of Evil Arts, a +0 buckler, a +0 robe, a +0 club, a bread ration
     0 | D:1      | Reached XP level 1. HP: 11/11 MP: 6/6
     0 | D:1      | Identified the Volume of Evil Arts
     2 | D:1      | Learned a level 1 spell: Pain
     4 | D:1      | Learned a level 1 spell: Summon Small Mammal
   147 | D:1      | Reached XP level 2. HP: 6/17 MP: 0/7
  1042 | D:1      | Gained mutation: You have an increased reservoir of magic (+10% MP). [potion of mutation]
  1042 | D:1      | Gained mutation: You tend to lose your temper in combat. [potion of mutation]
  1042 | D:1      | Gained mutation: You can spit weak poison. [potion of mutation]
  1052 | D:2      | Noticed Sigmund
  1136 | D:3      | Learned a level 2 spell: Call Imp
  1258 | D:3      | Found a white marble altar of Elyvilon.
  1266 | D:3      | Reached XP level 3. HP: 21/21 MP: 7/10
  1357 | D:3      | HP: 1/21 [poisoned by an adder]
  1358 | D:3      | Succumbed to an adder's poison

Action                   || total
-------------------------++-------
Melee: Club              ||     7
       Hand axe          ||     6
 Cast: Summon Small Mamm ||    23
       Pain              ||    38
       Call Imp          ||     1
  Use: Potion            ||     2
       Scroll            ||     2
  Eat: Chunk             ||     1
